 Dungeon Crawl Stone Soup version 0.20.1-1-g8b1a95d (webtiles) character file.

169 Hasart the Sneak (level 5, -1/27 HPs)
             Began as a Vine Stalker Assassin on June 18, 2017.
             Slain by a quokka (5 damage)
             ... on level 3 of the Dungeon on July 6, 2017.
             The game lasted 00:06:54 (2132 turns).

Hasart the Sneak (Vine Stalker Assassin)            Turns: 2132, Time: 00:06:54

Health: -1/27      AC:  4    Str: 13    XL:     5   Next: 50%
Magic:  0/6        EV: 13    Int: 11    God:
Gold:   70         SH:  0    Dex: 17    Spells: 4/4 levels left

rFire    . . .     SeeInvis .   a - +2 dagger
rCold    . . .     Gourm    .   (no shield)
rNeg     . . .     Faith    .   c - +0 robe
rPois    .         Spirit   +   (no helmet)
rElec    .         Reflect  .   d - +0 cloak
rCorr    .         Harm     .   (no gloves)
MR       .....                  l - +0 pair of boots (curse)
Stlth    ++........             (no amulet)
Regen    0.5/turn               m - ring of loudness (curse)
MPRegen  0.1/turn               (no ring)

@: no status effects
A: fangs 2, regeneration 1, magic shield, antimagic bite, no potion heal 3, rot
immunity
a: no special abilities


You were on level 3 of the Dungeon.
You were not hungry.

You visited 1 branch of the dungeon, and saw 3 of its levels.

You collected 70 gold pieces.

Inventory:

Hand Weapons
 a - a +2 dagger (weapon)
 b - a +0 blowgun
Missiles
 e - 26 poisoned needles
 f - 2 curare-tipped needles
Armour
 c - a +0 robe (worn)
 d - a +0 cloak (worn)
 l - a cursed +0 pair of boots (worn)
Jewellery
 m - a cursed ring of loudness (left hand)
Wands
 q - a wand of confusion (24/48)
 t - a wand of random effects (26/48)
Scrolls
 h - a scroll of noise {unknown}
 k - a scroll of teleportation
 s - a scroll of amnesia {unknown}
 v - a scroll of remove curse {unknown}
Potions
 i - a potion of agility {unknown}
 j - 4 potions of curing {unknown}
 n - a potion of lignification {unknown}
 o - a potion of invisibility {unknown}
 r - a potion of haste {unknown}
Comestibles
 g - 5 bread rations
 p - 2 royal jellies
 u - a chunk of flesh


   Skills:
 + Level 2.5 Fighting
 * Level 3.4 Short Blades
 - Level 1.7 Throwing
 + Level 2.0 Dodging
 + Level 5.7 Stealth


You had 4 spell levels left.
You didn't know any spells.

Dungeon Overview and Level Annotations

Branches:
Dungeon (3/15)

Altars:
Gozag
Nemelex Xobeh


Innate Abilities, Weirdness & Mutations

You have extremely sharp teeth.
Your natural rate of healing is unusually fast.
When hurt, damage is shared between your health and your magic reserves.
Your bite disrupts and absorbs the magic of your enemies.
Potions cannot restore your health.
You are immune to rotting.


Message History

The bat hits you but does no damage. x2; The bat barely misses you.
The quokka bites you but does no damage.
The bat closely misses you. The quokka barely misses you. The bat misses you.
The bat hits you.
* * * LOW HITPOINT WARNING * * *
The bat misses you. The quokka bites you.
* * * LOW HITPOINT WARNING * * *
The bat barely misses you. The quokka closely misses you.
A bat comes into view.
The bat closely misses you. The quokka bites you.
* * * LOW HITPOINT WARNING * * *
The bat hits you but does no damage.
The bat hits you but does no damage. x2; The bat hits you.
* * * LOW HITPOINT WARNING * * *
The quokka bites you but does no damage.
The bat misses you. The bat hits you but does no damage.
The bat completely misses you.
The quokka bites you but does no damage.
The bat misses you. The bat hits you. The quokka bites you.
You die...

### ..# #.#
#####.# ..##.#
#.##.##
########<#...#
#...r@b....#..###
#.####b##.###....
#.##..#..####
#.##....##
#.##.#### #.##.#
#.##.### #.#
#.##...########.#
#.........##.#


You could see a quokka and 2 bats.

Vanquished Creatures
  An orc priest (D:3)
  Terence (D:3)
  5 adders
  An ooze (D:2)
  A worm (D:2)
  2 dart slugs
  2 leopard geckos
  4 orcs
  3 giant cockroaches
  4 goblins
  4 hobgoblins
  4 jackals (D:3)
  5 bats
  4 frilled lizards
  3 kobolds
  14 rats
58 creatures vanquished.

Notes
Turn   | Place    | Note
-------+----------+-------------------------------------------
     0 | D:1      | Hasart the Vine Stalker Assassin began the quest for the Orb.
     0 | D:1      | Reached XP level 1. HP: 11/11 MP: 2/2
   329 | D:1      | Reached skill level 1 in Dodging
   335 | D:1      | Reached skill level 5 in Stealth
   371 | D:1      | Reached XP level 2. HP: 15/15 MP: 3/3
   517 | D:1      | Reached XP level 3. HP: 13/18 MP: 4/4
  1005 | D:2      | Found a sparkling altar of Nemelex Xobeh.
  1148 | D:2      | Gained mutation: Your natural rate of healing is unusually fast. [Vine Stalker growth]
  1148 | D:2      | Reached XP level 4. HP: 10/23 MP: 1/5
  1511 | D:2      | Found an opulent altar of Gozag.
  1637 | D:3      | Noticed Terence
  1693 | D:3      | Killed Terence
  1693 | D:3      | Reached XP level 5. HP: 11/27 MP: 6/6
  1984 | D:3      | Upgraded the game from 0.20.0-15-g7f486f2 to 0.20.1-1-g8b1a95d
  2132 | D:3      | Slain by a quokka

Skill      XL: |  1  2  3  4  5 |
---------------+----------------+-----
Short Blades   | 2 3 |  3.4
Dodging        | 1 2 |  2.0
Stealth        | 5 |  5.7
Fighting       | 2 |  2.5
Throwing       | |  1.7

Action                   |  1- 3 |  4- 6 || total
-------------------------+-------+-------++-------
Melee: Dagger            |    66 |   141 ||   207
       Bite              |    13 |    40 ||    53
  Use: Scroll            |     2 |       ||     2
 Stab: Sleeping          |     6 |     2 ||     8
       Distracted        |     1 |       ||     1
  Eat: Chunk             |       |     4 ||     4
Armor: Robe              |    14 |   168 ||   182
Dodge: Dodged            |    30 |   325 ||   355
